 Dungeon Crawl Stone Soup version 0.23.0 (webtiles) character file.

Game seed: 4335270522388896022

189 LostNumber the Ruffian (level 5, 0/49 HPs)
             Began as a Troll Ice Elementalist on Feb 15, 2019.
             Succumbed to an orc wizard's poison
             ... on level 2 of the Dungeon.
             The game lasted 00:03:01 (1951 turns).

LostNumber the Ruffian (Troll Ice Elementalist)     Turns: 1951, Time: 00:03:02

Health: 0/49       AC:  6    Str: 13 (14) XL:     5   Next: 40%
Magic:  5/5        EV:  9    Int:  9 (11) God:
Gold:   149        SH:  0    Dex:  8 (10) Spells: 5/6 levels left

rFire    + . .     SeeInvis .     - Unarmed
rCold    + + .     Gourm    +   (no shield)
rNeg     . . .     Faith    .   a - +0 robe
rPois    +         Spirit   .   (helmet restricted)
rElec    +         Reflect  .   (no cloak)
rCorr    +         Harm     .   (gloves unavailable)
MR       .....                  (boots unavailable)
Stlth    +.........             (no amulet)
HPRegen  0.56/turn              o - ring of protection from cold
MPRegen  0.09/turn              g - -3 ring of strength (curse)

@: confused, lethally poisoned (0 -> -13), resistant
A: large, unfitting armour, claws 3, fast metabolism 3, gourmand, regeneration
1, shaggy fur 1, tough skin 3
a: no special abilities


You were on level 2 of the Dungeon.
You were very full.

You visited 1 branch of the dungeon, and saw 3 of its levels.

You collected 149 gold pieces.

Inventory:

Armour
 a - a +0 robe (worn)
Jewellery
 g - a cursed -3 ring of strength (right claw)
   (You found it on level 1 of the Dungeon)
 o - a ring of protection from cold (left claw)
   (You found it on level 2 of the Dungeon)
Scrolls
 b - a scroll of enchant weapon {unknown}
 d - a scroll of blinking {unknown}
 i - a scroll of random uselessness {unknown}
 k - a scroll of remove curse {unknown}
 m - a scroll of noise {unknown}
 p - a scroll of enchant armour {unknown}
Potions
 c - a potion of agility {unknown}
 h - a potion of flight {unknown}
 n - a potion of curing {unknown}
Comestibles
 e - 4 rations {!d}


   Skills:
 + Level 2.2 Fighting
 - Level 1.5 Dodging
 - Level 1.0 Stealth
 * Level 4.2 Unarmed Combat
 - Level 1.2 Spellcasting
   Level 0.6 Conjurations
 - Level 2.1 Ice Magic


You had 5 spell levels left.
You knew the following spells:

 Your Spells              Type           Power        Failure   Level  Hunger
a - Freeze                Ice            #...         14%         1    ##.....

Your spell library contained the following spells:

 Spells                   Type           Power        Failure   Level  Hunger
 Throw Frost              Conj/Ice       #.....       30%         2    ###....
 Ozocubu's Armour         Chrm/Ice       #.......     56%         3    ####...
 Throw Icicle             Conj/Ice       #.......     90%         4    #####..
 Summon Ice Beast         Ice/Summ       #.......     93%         4    #####..


Dungeon Overview and Level Annotations

Branches:
Dungeon (3/15)

Altars:
Nemelex Xobeh


Innate Abilities, Weirdness & Mutations

You are too large for most types of armour.
You have claws for hands.
Your metabolism is lightning-fast.
You like to eat raw meat.
Your natural rate of healing is unusually fast.
You are covered in fur. (AC +1)
You have extremely tough skin. (AC +3)


Message History

Unknown command.
You start resting.
Something hits you but does no damage.
Deactivating autopickup; reactivate with Ctrl-A.
Unknown command.
You closely miss something.
You hear some strange, mumbled words.
A puff of flame appears from out of thin air!
The puff of flame hits you!
Unknown command.
You closely miss something. Something hits you.
You are poisoned.
You completely miss something.
You feel sick. Something hits you.
* * * LOW HITPOINT WARNING * * *
You are more poisoned.
You closely miss something.
You feel sick. Something hits you but does no damage.
You are more poisoned.
You miss something.
You feel sick.
You scratch something.
You feel sick. Something hits you but does no damage.
You are more poisoned.
You scratch something.
You feel sick. Something hits you.
* * * LOW HITPOINT WARNING * * *
You are lethally poisoned!
You closely miss something.
* * * LOW HITPOINT WARNING * * *
You feel very sick.
You hear some strange, mumbled words.
You are confused.
You're too confused to move!
* * * LOW HITPOINT WARNING * * *
You feel sick.
You hear some strange, mumbled words.
A magic dart appears from out of thin air!
The magic dart hits you.
* * * LOW HITPOINT WARNING * * *
It was a potion of resistance.
You feel protected.
* * * LOW HITPOINT WARNING * * *
You feel sick. Something hits you!
* * * LOW HITPOINT WARNING * * *
It was a potion of degeneration.
There was something very wrong with that liquid.
You feel weakened.
You feel dopey.
You feel clumsy.
You die...

###.# #.####.##
#...# #.# #.## #.###
#.# #... #.#
#.####..# #.#
#.##...##
###.########....####
#...[.#.......######
#..{....#####..##...
#.[@..### ##.#..##
#.....# #.#.##
#.....# ###..(#
#.....# #....##
#...(.# ##.#.##
#.....# #..#.#
####### ###)##.##
######...##..#
##...#...>###.#


There were no monsters in sight!

Vanquished Creatures
  An orc priest (D:3)
  An orc wizard (D:2)
  6 adders
  An ooze (D:2)
  2 worms (D:2)
  3 dart slugs
  A leopard gecko (D:3)
  An orc (D:2)
  A ball python (D:3)
  2 giant cockroaches
  8 goblins
  8 hobgoblins
  4 jackals (D:1)
  6 bats
  5 frilled lizards
  6 kobolds
  5 rats
61 creatures vanquished.

Notes
Turn   | Place    | Note
-------+----------+-------------------------------------------
     0 | D:1      | LostNumber the Troll Ice Elementalist began the quest for
                  | the Orb.
     0 | D:1      | Reached XP level 1. HP: 16/16 MP: 1/1
    82 | D:1      | Reached skill level 1 in Unarmed Combat
    84 | D:1      | Reached XP level 2. HP: 23/26 MP: 2/2
   611 | D:1      | Reached skill level 1 in Fighting
   611 | D:1      | Reached skill level 2 in Unarmed Combat
   827 | D:1      | Reached XP level 3. HP: 33/33 MP: 3/3
  1193 | D:2      | Reached skill level 3 in Unarmed Combat
  1193 | D:2      | Reached XP level 4. HP: 39/41 MP: 4/4
  1363 | D:2      | Found a sparkling altar of Nemelex Xobeh.
  1886 | D:2      | Reached XP level 5. HP: 40/49 MP: 5/5
  1934 | D:3      | Reached skill level 4 in Unarmed Combat
  1950 | D:2      | HP: 2/49 [something (7)]
  1951 | D:2      | Succumbed to an orc wizard's poison

Skill      XL: |  1  2  3  4  5 |
---------------+----------------+-----
Unarmed Combat | 1 2 3 4 |  4.2
Fighting       | 1 2 |  2.2
Dodging        | |  1.5
Stealth        | |  1.0
Spellcasting   | |  1.2
Conjurations   | |  0.6
Ice Magic      | |  2.1

Action                   |  1- 3 |  4- 6 || total
-------------------------+-------+-------++-------
Melee: Unarmed           |   111 |    79 ||   190
       Punch             |     1 |       ||     1
  Use: Potion            |       |     2 ||     2
 Stab: Sleeping          |     2 |     3 ||     5
  Eat: Chunk             |    16 |     7 ||    23
Armor: Robe              |    44 |    27 ||    71
Dodge: Dodged            |    55 |    41 ||    96
